 Dungeon Crawl Stone Soup version 0.23.0 (webtiles) character file.

Game seed: 924499372912145498

100 Murks the Poker (level 4, -6/29 HPs)
             Began as an Octopode Warper on Feb 18, 2019.
             Was a Follower of Nemelex Xobeh.
             Mangled by a worker ant (8 damage)
             ... on level 3 of the Dungeon.
             The game lasted 00:13:05 (2717 turns).

Murks the Poker (Octopode Warper)                   Turns: 2717, Time: 00:13:06

Health: -6/29      AC:  1    Str: 10    XL:     4   Next: 73%
Magic:  7/7        EV: 13    Int: 15    God:    Nemelex Xobeh [*.....]
Gold:   193        SH:  4    Dex: 12    Spells: 5/7 levels left

rFire    . . .     SeeInvis .   g - +1 whip (curse)
rCold    . . .     Gourm    .   k - +0 buckler
rNeg     . . .     Faith    .   (helmet restricted)
rPois    .         Spirit   .   (no amulet)
rElec    .         Reflect  .   (no ring)
rCorr    .         Harm     .   (no ring)
MR       .....                  (no ring)
Stlth    +++.......             (no ring)
HPRegen  0.09/turn              (no ring)
MPRegen  0.10/turn              (no ring)
                                (no ring)
                                (no ring)

@: lethally poisoned (-6 -> -16)
A: almost no armour, stealthy swim, amphibious, 8 rings, constrict 8, camouflage
1, gelatinous body 1
a: Draw Escape, Draw Destruction, Draw Summoning, Renounce Religion


You were on level 3 of the Dungeon.
You worshipped Nemelex Xobeh.
Nemelex Xobeh was aware of your devotion.
You were hungry.

You visited 1 branch of the dungeon, and saw 3 of its levels.

You collected 193 gold pieces.

Inventory:

Hand Weapons
 a - a +0 spear
 g - a cursed +1 whip (weapon)
 h - a +0 hunting sling
Missiles
 d - 4 tomahawks of dispersal
 e - 49 stones (quivered)
 m - a throwing net
Armour
 k - a +0 buckler (worn)
Scrolls
 c - a scroll of blinking
 l - 3 scrolls of identify
 o - a scroll of immolation {unknown}
Potions
 i - 2 potions of brilliance
 j - 2 potions of mutation {unknown}
 n - 2 potions of might {unknown}
Comestibles
 f - 5 rations


   Skills:
 - Level 2.0 Fighting
 - Level 3.6 Polearms
 - Level 1.0 Throwing
 - Level 2.3 Dodging
 + Level 1.2 Stealth
 * Level 2.3 Shields
 - Level 2.0 Spellcasting
 - Level 3.0 Translocations
 + Level 0.8 Invocations


You had 5 spell levels left.
You knew the following spells:

 Your Spells              Type           Power        Failure   Level  Hunger
a - Blink                 Tloc           N/A          12%         2    ###....

Your spell library contained the following spells:

 Spells                   Type           Power        Failure   Level  Hunger
 Shroud of Golubria       Chrm/Tloc      #.........   22%         2    ###....
 Gell's Gravitas          Tloc           ##........   24%         3    ###....
 Lesser Beckoning         Tloc           ##........   24%         3    ###....
 Teleport Other           Tloc           ##......     24%         3    ###....
 Beastly Appendage        Tmut           #.....       26%         1    #......
 Sticks to Snakes         Tmut           #.......     38%         2    ###....
 Passage of Golubria      Tloc           N/A          61%         4    #####..
 Spider Form              Tmut/Pois      #.........   63%         3    ###....
 Ice Form                 Ice/Tmut       #.......     95%         4    #####..
 Blade Hands              Tmut           #.........   100%        5    ######.


Dungeon Overview and Level Annotations

Branches:
Dungeon (3/15)

Altars:
Nemelex Xobeh
Wu Jian


Innate Abilities, Weirdness & Mutations

You cannot wear most types of armour.
You are very stealthy in the water. (Stealth+)
You are amphibious.
You can wear up to eight rings at the same time.
You can use your tentacles to constrict eight enemies at once.
Your skin changes colour to match your surroundings (Stealth+).
Your rubbery body absorbs attacks. (AC +1, EV +1)


Message History

The worker ant poisons you!
You hit the worker ant.
The worker ant is heavily wounded.
You constrict the worker ant, but do no damage.
You feel sick. The worker ant bites you!
You are lethally poisoned!
The worker ant poisons you!
You are too injured to fight recklessly!
You release your grip on the worker ant.
You feel sick. The worker ant bites you!
* * * LOW HITPOINT WARNING * * *
You draw a card...
You have drawn Pain.
Press: ? - help, Shift-Dir - straight line, f - worker ant
Aim: a worker ant (heavily wounded)
The worker ant convulses!
* * * LOW HITPOINT WARNING * * *
You feel sick. The worker ant bites you!
You die...
Your body disappears without a glow.

..# #.###.### #.#
..# #......##..#
#.# ##
#.....#.#.#### #.#
#.# #.#
##............ #.#
#.#
#>###.(...#......#
#.# #.#
#.#...K.a(.......
..# #.#
#$########.....#
.## #.# #a# #(#.#
.## #.# #@# # ..##
#.# #.# ...#####.#
#.#
.........#######.#
...####..##......#
.<.####..##.######
......>..##<#
...####.###.###
#.## #.#.....#


You could see a worker ant.

Vanquished Creatures
  An adder (D:2)
  4 worms
  A dart slug (D:1)
  A leopard gecko (D:3)
  2 orcs (D:3)
  3 giant cockroaches (D:1)
  9 goblins
  6 hobgoblins
  6 jackals (D:3)
  5 quokkas (D:2)
  7 bats
  5 frilled lizards
  12 kobolds
  8 rats
70 creatures vanquished.

Notes
Turn   | Place    | Note
-------+----------+-------------------------------------------
     0 | D:1      | Murks the Octopode Warper began the quest for the Orb.
     0 | D:1      | Reached XP level 1. HP: 14/14 MP: 3/3
   402 | D:1      | Reached XP level 2. HP: 19/19 MP: 5/5
   444 | D:1      | Learned a level 2 spell: Blink
   977 | D:1      | Reached XP level 3. HP: 21/24 MP: 6/6
  1297 | D:2      | Reached skill level 1 in Shields
  1342 | D:2      | Found a sparkling altar of Nemelex Xobeh.
  1369 | D:2      | Became a worshipper of Nemelex Xobeh the Trickster
  1399 | D:2      | Received a gift from Nemelex Xobeh
  1806 | D:2      | Reached XP level 4. HP: 29/29 MP: 7/7
  1910 | D:2      | Reached * piety under Nemelex Xobeh
  2346 | D:3      | Found an ornate altar of the Wu Jian Council.
  2396 | D:3      | Reached skill level 1 in Stealth
  2717 | D:3      | Mangled by a worker ant

Skill      XL: |  1  2  3  4 |
---------------+-------------+-----
Polearms       | 3 |  3.6
Shields        | 1 2 |  2.3
Stealth        | 1 |  1.2
Fighting       | |  2.0
Throwing       | |  1.0
Dodging        | |  2.3
Spellcasting   | |  2.0
Translocations | |  3.0
Invocations    | |  0.8

Action                   |  1- 3 |  4- 6 || total
-------------------------+-------+-------++-------
Melee: Spear             |    19 |       ||    19
       Whip              |    86 |    62 ||   148
       Constrict         |    23 |    17 ||    40
       Tentacles         |    13 |     6 ||    19
Throw: Stone             |    29 |    20 ||    49
       Tomahawk          |     1 |       ||     1
 Abil: Draw Destruction  |     1 |     3 ||     4
  Use: Scroll            |     4 |       ||     4
 Stab: Sleeping          |     6 |       ||     6
  Eat: Chunk             |     3 |     2 ||     5
Armor: Skin              |    10 |     5 ||    15
Dodge: Dodged            |    69 |    34 ||   103
Block: Buckler           |     1 |    16 ||    17
